 Dungeon Crawl Stone Soup version 0.26-a0-190-g75a3d40d47 (console) character file.

Game seed: 13465891342981070513

457 bli the Digger (level 7, -6/37 HPs)
             Began as a Gargoyle Earth Elementalist on July 4, 2020.
             Was an Initiate of Gozag.
             Mangled by an ice beast (11 damage)
             ... on level 5 of the Dungeon.
             The game lasted 00:15:00 (3688 turns).

bli the Digger (Gargoyle Earth Elementalist)        Turns: 3688, Time: 00:15:01

Health: -6/37      AC: 15    Str: 12    XL:     7   Next: 6%
Magic:  10/14      EV: 10    Int: 23    God:    Gozag
Gold:   334        SH:  3    Dex: 10    Spells: 12/16 levels left

rFire    . . .     SeeInvis .   a - +0 mace
rCold    . . .     Faith    .   F - +0 buckler
rNeg     + + .     Spirit   .   I - +4 ring mail
rPois    ∞         Reflect  .   (no helmet)
rElec    +         Harm     .   (no cloak)
rCorr    .                      (no gloves)
MR       .....                  t - +0 pair of boots
Stlth    +.........             (no amulet)
HPRegen  0.12/turn              q - ring of positive energy
MPRegen  0.14/turn              A - +6 ring of intelligence

@: no status effects
A: negative energy resistance 1, electricity resistance, unbreathing,
petrification resistance, rot immunity, AC +4
a: Potion Petition, Call Merchant, Bribe Branch, Renounce Religion


You were on level 5 of the Dungeon.
You worshipped Gozag.
Gozag was aware of your devotion.
You were hungry.

You visited 1 branch of the dungeon, and saw 5 of its levels.

You collected 446 gold pieces.
You spent 112 gold pieces at shops.

Inventory:

Hand Weapons
 a - a +0 mace (weapon)
 b - a +1 hunting sling of freezing
 e - a +0 whip
Missiles
 k - 79 arrows
 o - 45 sling bullets
 r - 9 poisoned darts
 x - 117 stones (quivered)
 y - 8 atropa-tipped darts
Armour
 c - a +0 robe
 h - a +0 leather armour
 s - a +0 ring mail
 t - a +0 pair of boots (worn)
 u - a +0 leather armour
 F - a +0 buckler (worn)
 I - a +4 ring mail (worn)
Magical Staves
 E - an uncursed staff of wizardry
Jewellery
 q - a ring of positive energy (left hand)
 z - an uncursed ring of stealth
 A - a +6 ring of intelligence (right hand)
 D - an uncursed ring of stealth
Wands
 H - a wand of random effects (21)
Scrolls
 m - 2 scrolls of random uselessness {unknown}
 n - 2 scrolls of immolation {unknown}
 p - 3 scrolls of identify
 v - 2 scrolls of magic mapping {unknown}
 w - 2 scrolls of amnesia {unknown}
 B - a scroll of noise {unknown}
 C - a scroll of enchant armour {unknown}
Potions
 f - 3 potions of curing
 g - a potion of flight {unknown}
 i - a potion of berserk rage {unknown}
 j - a potion of stabbing {unknown}
 l - a potion of brilliance {unknown}
 G - a potion of heal wounds
Comestibles
 d - 8 rations


   Skills:
 + Level 0.8 Fighting
 * Level 2.2 Armour
 + Level 2.3 Dodging
 - Level 2.1 Stealth
 * Level 5.1 Spellcasting
   Level 0.7 Transmutations
 + Level 5.4 Earth Magic


You had 12 spell levels left.
You knew the following spells:

 Your Spells              Type           Power        Failure   Level  Hunger
a - Sandblast             Erth           ####..       3%          1    None
b - Stone Arrow           Conj/Erth      ###...       32%         3    ##.....

Your spell library contained the following spells:

 Spells                   Type           Power        Failure   Level  Hunger
 Passwall                 Tmut/Erth      ###.....     14%         2    None
 Petrify                  Tmut/Erth      ###.....     67%         4    ####...
 Lee's Rapid Deconstruct  Erth           ####......   69%         5    #####..


Dungeon Overview and Level Annotations

Branches:
Dungeon (5/15)
 Temple: D:4-7

Altars:
Ashenzari
Gozag
Yredelemnul

Shops:
D:4 !


Innate Abilities, Weirdness & Mutations

You are resistant to torment.
Your stone body is resilient. (AC +4)
You are immune to poison.
You resist negative energy. (rN+)
You are resistant to electric shocks. (rElec)
You can survive without breathing.
You are immune to petrification.
You are immune to rotting.


Message History

The blast of sand hits the ice beast but does no damage.
The ice beast is lightly wounded.
x - 118 stones
Casting: Sandblast (safe; 3% risk of failure)
Confirm with . or Enter, or press ? or * to list all spells.
Aiming: Sandblast (safe; 3% risk of failure)
Press: ? - help, Shift-Dir - straight line, f/p - ice beast
Aim: an ice beast (lightly wounded)
The blast of sand hits the ice beast.
The ice beast is lightly wounded.
x - 117 stones You closely miss the ice beast.
The ice beast is lightly wounded.
The ice beast hits you. The ice beast freezes you!
* * * LOW HITPOINT WARNING * * *
The ice beast hits you.
* * * LOW HITPOINT WARNING * * *
The ice beast freezes you!
You die...
Your body crumbles into a pile of gold.

######## #.....<#
#.###### #......#
(.#####)####.###
...............+
..#####@#.##.###
##Y#....# #.Z.....#
######.......#
.............#
.########.......##
>.....................
.########.......>..###
#...........#
#.........#.#
#.........#..#


You could see an ice beast and a hound skeleton.

Vanquished Creatures
  Sigmund (D:5)
  A scorpion (D:4)
  A centaur zombie (D:5)
  A bullfrog skeleton (D:5)
  A worker ant (D:5)
  Ijyb (D:4)
  A hound skeleton (D:5)
  4 adders (D:2)
  A worm (D:3)
  3 dart slugs
  A leopard gecko (D:2)
  2 orcs
  5 giant cockroaches
  9 goblins
  7 hobgoblins
  6 jackals
  A quokka (D:2)
  2 ball pythons
  10 bats
  4 frilled lizards
  16 kobolds
  6 rats
84 creatures vanquished.

Notes
Turn   | Place    | Note
-------+----------+-------------------------------------------
     0 | D:1      | bli the Gargoyle Earth Elementalist began the quest for the
                  | Orb.
     0 | D:1      | Reached XP level 1. HP: 10/10 MP: 3/3
   191 | D:1      | Reached XP level 2. HP: 15/15 MP: 5/5
   518 | D:1      | Reached XP level 3. HP: 18/19 MP: 4/6
   793 | D:2      | You fall into a shaft and drop 2 floors!
   805 | D:4      | Noticed Ijyb
   818 | D:4      | Noticed a scorpion
   835 | D:4      | Killed a scorpion
   835 | D:4      | Reached XP level 4. HP: 5/24 MP: 0/8
   841 | D:4      | Learned a level 3 spell: Stone Arrow
  1133 | D:4      | Found a basalt altar of Yredelemnul.
  1344 | D:3      | Found a faded altar of an unknown god.
  1357 | D:3      | Became a worshipper of Gozag Ym Sagoz the Greedy
  1618 | D:3      | Reached XP level 5. HP: 26/28 MP: 5/10
  3068 | D:4      | Found Jalid's Distillery.
  3079 | D:4      | Bought a potion of heal wounds for 70 gold pieces
  3079 | D:4      | Bought a potion of curing for 42 gold pieces
  3228 | D:4      | Killed Ijyb
  3362 | D:4      | Found a shattered altar of Ashenzari.
  3572 | D:5      | Entered Level 5 of the Dungeon
  3576 | D:5      | Reached skill level 5 in Earth Magic
  3576 | D:5      | Reached XP level 6. HP: 33/33 MP: 9/12
  3602 | D:5      | Noticed Sigmund
  3612 | D:5      | Killed Sigmund
  3619 | D:5      | Noticed an ice beast
  3624 | D:5      | Reached skill level 5 in Spellcasting
  3654 | D:5      | Reached XP level 7. HP: 15/37 MP: 9/14
  3688 | D:5      | Mangled by an ice beast

Illustrated notes

Levels and vault maps discovered:
D:1:      dpeg_arrival_snail, layout_basic, solitary_fountain, minivault_27,
          minmay_pentomino_s4
D:2:      layout_basic, first_ration, minmay_fractal_squares_5
D:3:      layout_basic, chequers_ecumenical_altar_simple
D:4:      layout_basic, ashenzari_altar_1, yredelemnul_altar_generic,
          serial_shops, shop_fountains, uniq_ijyb
D:5:      layout_basic, nemelex_altar_shiori, minmay_stone_trees_small,
          kennysheep_diamond, uniq_sigmund

Skill      XL: |  1  2  3  4  5  6 |
---------------+-------------------+-----
Earth Magic    | 4 5 |  5.4
Spellcasting   | 3 4 5 |  5.1
Dodging        | 2 |  2.3
Armour         | 2 |  2.2
Fighting       | |  0.8
Stealth        | |  2.1
Transmutations | |  0.7

Action                   |  1- 3 |  4- 6 |  7- 9 || total
-------------------------+-------+-------+-------++-------
Melee: Mace              |    40 |   152 |     5 ||   197
Throw: Stone             |       |     1 |       ||     1
 Cast: Sandblast         |    26 |    67 |     5 ||    98
  Use: Scroll            |       |     2 |       ||     2
 Stab: Sleeping          |     2 |       |       ||     2
       Distracted        |       |     2 |       ||     2
  Eat: Chunk             |       |     2 |       ||     2
       Ration            |       |     2 |       ||     2
Armor: Robe              |    25 |    25 |       ||    50
       Leather armour    |       |    60 |       ||    60
       Ring mail         |       |    14 |     5 ||    19
Dodge: Dodged            |    48 |   148 |     7 ||   203
Block: Buckler           |       |     4 |       ||     4

Table legend:
 A = Non-vault XP
 B = Vault XP
 C = Vault XP percentage of total XP
 D = Non-vault monster count
 E = Vault monster count
 F = Vault count percentage of total count
                 A         B        C        D         E       F
            +---------+---------+-------+---------+---------+-------
      Total |     365 |     288 |  44.1 |      70 |      14 |  16.7
            +---------+---------+-------+---------+---------+-------
        D:1 |      32 |       7 |  17.9 |      18 |       4 |  18.2
        D:2 |      62 |      25 |  28.7 |      18 |       8 |  30.8
        D:3 |      53 |       0 |   0.0 |      27 |       0 |   0.0
        D:4 |      76 |      33 |  30.3 |       2 |       1 |  33.3
        D:5 |     142 |     223 |  61.1 |       5 |       1 |  16.7
            +---------+---------+-------+---------+---------+-------
